Maple Leafs vs Panthers

Created - 28 avril 2024 at 10:00

Goals
1 2 3 T
Maple Leafs 0 2 0 2
Panthers 1 0 0 1
Shots
1 2 3 T
Maple Leafs 8 16 9 33
Panthers 15 5 9 29

GoalsPenalties
1st period
1. Panthers , Vincent Trocheck 31 (Taylor Hall 27) at 1:21 (PP)
Mattias Janmark (TOR) for Tripping (Minor) at 0:55
2nd period
2. Maple Leafs , Jesper Bratt 35 (Ryan Johansen 43, Alexander Romanov 12) at 7:40
3. Maple Leafs , Nikolaj Ehlers 27 (Connor Bedard 19) at 13:36
Connor Bedard (TOR) for Holding (Minor) at 11:25
Marcus Foligno (FLA) for Goalie Interference (Minor) at 13:58
Marcus Foligno (FLA) for Fighting (Major) at 16:29
Linus Karlsson (TOR) for Fighting (Major) at 16:29
3rd period
No Goal
Ryan Johansen (TOR) for Hooking (Minor) at 9:25
Goalie Stats
Jordan Binnington (TOR), 28 saves from 29 shots - (0,966), W, 10-20-11, 60:00 minutes
Kevin Lankinen (FLA), 31 saves from 33 shots - (0,939), L, 7-8-0, 59:45 minutes
3 StarsOfficial
1 - Jordan Binnington (TOR)
2 - Jesper Bratt (TOR)
3 - Alexander Romanov (TOR)
Referees : Kenny Anderson and Dan O'Rourke
Linesman : Kelsey Mahoney and Jake Davis
Game Note
Linus Karlsson beats up Marcus Foligno at 16:29 of 2nd period
Finance
Level 1 -- Attendance: 5919 (98,65%) -- Ticket Income $591,900
Level 2 -- Attendance: 5000 (100,00%) -- Ticket Income $300,000
Level 3 -- Attendance: 2000 (100,00%) -- Ticket Income $70,000
Level 4 -- Attendance: 3857 (96,43%) -- Ticket Income $77,140
Luxury Box -- Attendance: 884 (88,40%) -- Ticket Income $176,800
Game was played at the Sunrise Arena.
Total Attendance: 17660 (98,11%)
Total Ticket Income: $1,215,840
Other Income: $595,762
Total Income: $1,811,602



Team Name Goals Shots Shots Attemp Shots Blocked PIM HIT PP PK FO%
Maple Leafs 23353911280 / 1 (0%)140%
Panthers 1295477171 / 3 (33%)060%

Maple Leafs
Player Name POS G A P +/- PIM HIT SHT SB MP PP MP PP SHT PK MP PK SHT FO% FOT GA TA
Alex IafalloC/LW0001022116:020:3900:4200% 100
Alexander RomanovD0111041221:260:5301:4000% 000
Andrei SvechnikovLW/RW0000031020:401:0102:1700% 110
Ben HuttonD0001000015:230:0000:0000% 000
Braden SchneiderD0001030015:230:0000:0000% 000
Cam FowlerD0001013121:010:5301:4000% 012
Connor BedardC0111212020:170:5600:51055% 2010
Hampus LindholmD0000040122:071:0602:4400% 011
Jesper BrattLW/RW1011018018:020:5601:4000% 000
Jonas RondbjergLW/RW000000000:180:0000:1400% 000
Kaapo KakkoRW0001011016:080:0600:0000% 100
Linus KarlssonC000050006:480:0000:0000% 000
Mattias JanmarkC/LW/RW0000234120:010:1201:42025% 1211
Michael McCarronC/RW000000007:360:0000:0000% 300
Mikhail SergachevD0000020123:111:0602:4400% 005
Nikolaj EhlersRW1011009219:411:0100:0000% 030
Ryan JohansenC/RW0111232018:431:0601:22050% 1400
Travis DermottD0000000012:450:0000:0000% 002
Panthers
Player Name POS G A P +/- PIM HIT SHT SB MP PP MP PP SHT PK MP PK SHT FO% FOT GA TA
Andrew PeekeD000-2010121:041:3400:4200% 002
Anthony CirelliC/LW/RW000-1022018:562:1111:0200% 000
Garnet HathawayC/LW/RW000002007:070:0000:00050% 200
J.J. MoserD0000010118:100:0000:0000% 001
Jamie OleksiakD0000034020:582:3401:1700% 003
Jonas SiegenthalerD0000011018:190:3400:0000% 000
Kevin LabancLW/RW000000008:110:1400:000100% 100
Marcus FolignoLW0000701014:010:2200:000100% 100
Mats ZuccarelloLW/RW000-1024118:161:5200:0000% 231
Michael MathesonD000-1000322:502:1601:1700% 000
Mike HoffmanC/RW0000002014:440:0000:0000% 130
Rocco GrimaldiC/LW/RW000000307:310:1400:0000% 000
Ross ColtonC/LW/RW0000011015:110:2400:00044% 910
Sidney CrosbyC000-1013019:131:5210:57069% 1610
Taylor HallC/LW011-1001017:062:0200:0000% 120
Teuvo TeravainenC/LW/RW000-1001018:171:5000:5700% 100
Tyson BarrieD000-1001018:391:5000:4200% 000
Vincent TrocheckC/LW/RW101-1035119:262:1121:02072% 1811

Maple Leafs

5 vs 5 Forward
Line #Left WingCenterRight WingPHYDFOFWanted %Time %Time Play
1Andrei SvechnikovConnor BedardNikolaj Ehlers0413432%16:41
2Jesper BrattRyan JohansenKaapo Kakko0413132%16:57
3Alex IafalloMattias JanmarkTravis Dermott0502521%11:16
4Mattias JanmarkMichael McCarronLinus Karlsson0501014%7:36
5 vs 5 Defense
Line #DefenseDefensePHYDFOFWanted %Time %Time Play
1Mikhail SergachevHampus Lindholm0413633%17:22
2Cam FowlerAlexander Romanov0143635%18:16
3Braden SchneiderBen Hutton0412829%15:23
4Travis DermottMikhail Sergachev04103%1:29
Power Play Forward
Line #Left WingCenterRight WingPHYDFOFWanted %Time %Time Play
1Andrei SvechnikovRyan JohansenNikolaj Ehlers0145053%1:03
2Jesper BrattConnor BedardRyan Johansen0145047%0:56
Power Play Defense
Line #DefenseDefensePHYDFOFWanted %Time %Time Play
1Mikhail SergachevHampus Lindholm0146055%1:06
2Cam FowlerAlexander Romanov0144045%0:53
Penalty Kill 4 Players Forward
Line #CenterWingPHYDFOFWanted %Time %Time Play
1Ryan JohansenAndrei Svechnikov0506091%3:59
2Connor BedardJesper Bratt050409%0:25
Penalty Kill 4 Players Defense
Line #DefenseDefensePHYDFOFWanted %Time %Time Play
1Mikhail SergachevHampus Lindholm0506062%2:44
2Cam FowlerAlexander Romanov0504038%1:40
Penalty Kill 3 Players
Line #WingPHYDFOFWanted %Time %Time PlayDefenseDefensePHYDFOFWanted %Time %Time Play
1Ryan Johansen050600%0:00 Mikhail SergachevHampus Lindholm050600%0:00
2Connor Bedard050400%0:00 Cam FowlerAlexander Romanov050400%0:00
4 vs 4 Forward
Line #CenterWingPHYDFOFWanted %Time %Time Play
1Ryan JohansenAndrei Svechnikov050600%0:00
2Connor BedardJesper Bratt050400%0:00
4 vs 4 Defense
Line #DefensePHYDFOFWanted %Time %Time Play
1Mikhail SergachevHampus Lindholm050600%0:00
2Cam FowlerAlexander Romanov050400%0:00
Last Minutes Offensive
Left WingCenterRight WingDefenseDefense
Andrei SvechnikovRyan JohansenNikolaj EhlersMikhail SergachevHampus Lindholm
Last Minutes Defensive
Left WingCenterRight WingDefenseDefense
Andrei SvechnikovRyan JohansenNikolaj EhlersMikhail SergachevHampus Lindholm
Time
Total ForwardTotal DefenseLast Minutes OffensiveLast Minutes Defensive
60:00 60:00 0:001:07
Extra Forwards
Normal PowerPlayPenalty Kill
Connor Bedard, Alex Iafallo, Mattias JanmarkConnor Bedard, Alex IafalloConnor Bedard
Extra Defensemen
Normal PowerPlayPenalty Kill
Braden Schneider, Ben Hutton, Travis DermottBraden Schneider, Braden SchneiderBen Hutton
Penalty Shots
Andrei Svechnikov, Jesper Bratt, Nikolaj Ehlers, Ryan Johansen, Connor Bedard
Goalie
Jordan Binnington, Pyotr Kochetkov
Custom OT Lines Forwards
Andrei Svechnikov, Jesper Bratt, Nikolaj Ehlers, Ryan Johansen, Connor Bedard, Alex Iafallo, Mattias Janmark, Kaapo Kakko, Michael McCarron, Jonas Rondbjerg
Custom OT Lines Defensemen
Mikhail Sergachev, Hampus Lindholm, Cam Fowler, Alexander Romanov, Braden Schneider
Scratches
Timothy Liljegren (Healthy)

Panthers

5 vs 5 Forward
Line #Left WingCenterRight WingPHYDFOFWanted %Time %Time Play
1Teuvo TeravainenSidney CrosbyMats Zuccarello0233030%15:48
2Taylor HallVincent TrocheckAnthony Cirelli0233029%15:04
3Marcus FolignoRoss ColtonMike Hoffman0233028%14:44
4Kevin LabancGarnet HathawayRocco Grimaldi0231013%7:07
5 vs 5 Defense
Line #DefenseDefensePHYDFOFWanted %Time %Time Play
1Michael MathesonAndrew Peeke0233232%16:58
2Jamie OleksiakTyson Barrie0233231%16:07
3J.J. MoserJonas Siegenthaler0233134%18:10
4Michael MathesonAndrew Peeke03253%1:28
Power Play Forward
Line #Left WingCenterRight WingPHYDFOFWanted %Time %Time Play
1Teuvo TeravainenSidney CrosbyMats Zuccarello0235050%2:13
2Taylor HallVincent TrocheckAnthony Cirelli0235050%2:11
Power Play Defense
Line #DefenseDefensePHYDFOFWanted %Time %Time Play
1Michael MathesonJamie Oleksiak0235058%2:34
2Tyson BarrieAndrew Peeke0235042%1:50
Penalty Kill 4 Players Forward
Line #CenterWingPHYDFOFWanted %Time %Time Play
1Vincent TrocheckAnthony Cirelli0235052%1:02
2Sidney CrosbyTeuvo Teravainen0235048%0:57
Penalty Kill 4 Players Defense
Line #DefenseDefensePHYDFOFWanted %Time %Time Play
1Michael MathesonJamie Oleksiak0325065%1:17
2Tyson BarrieAndrew Peeke0325035%0:42
Penalty Kill 3 Players
Line #WingPHYDFOFWanted %Time %Time PlayDefenseDefensePHYDFOFWanted %Time %Time Play
1Vincent Trocheck023500%0:00 Michael MathesonJamie Oleksiak032500%0:00
2Anthony Cirelli023500%0:00 Tyson BarrieAndrew Peeke032500%0:00
4 vs 4 Forward
Line #CenterWingPHYDFOFWanted %Time %Time Play
1Sidney CrosbyMats Zuccarello023500%0:00
2Vincent TrocheckTeuvo Teravainen023500%0:00
4 vs 4 Defense
Line #DefensePHYDFOFWanted %Time %Time Play
1Michael MathesonJamie Oleksiak023500%0:00
2Tyson BarrieAndrew Peeke032500%0:00
Last Minutes Offensive
Left WingCenterRight WingDefenseDefense
Vincent TrocheckSidney CrosbyMats ZuccarelloMichael MathesonJamie Oleksiak
Last Minutes Defensive
Left WingCenterRight WingDefenseDefense
Teuvo TeravainenVincent TrocheckAnthony CirelliMichael MathesonJamie Oleksiak
Time
Total ForwardTotal DefenseLast Minutes OffensiveLast Minutes Defensive
60:00 60:00 0:540:00
Extra Forwards
Normal PowerPlayPenalty Kill
Marcus Foligno, Kevin Labanc, Rocco GrimaldiMarcus Foligno, Ross ColtonGarnet Hathaway
Extra Defensemen
Normal PowerPlayPenalty Kill
Jamie Oleksiak, Jonas Siegenthaler, Tyson BarrieJonas Siegenthaler, J.J. MoserJonas Siegenthaler
Penalty Shots
Sidney Crosby, Vincent Trocheck, Taylor Hall, Mats Zuccarello, Teuvo Teravainen
Goalie
Kevin Lankinen, Antti Raanta
Custom OT Lines Forwards
Sidney Crosby, Vincent Trocheck, Mats Zuccarello, Taylor Hall, Anthony Cirelli, Teuvo Teravainen, Mike Hoffman, Marcus Foligno, Ross Colton, Garnet Hathaway
Custom OT Lines Defensemen
Michael Matheson, Jamie Oleksiak, Tyson Barrie, J.J. Moser, Andrew Peeke
Scratches
Patrick Brown (Healthy), Ville Husso (Healthy)


Play-by-Play

1st period


0:01 of 1st period - Connor Bedard wins face-off versus Sidney Crosby in neutral zone.
0:26 of 1st period - Andrew Peeke is hit by Ryan Johansen and loses puck.
0:31 of 1st period - Snap shot by Jesper Bratt.
0:31 of 1st period - Stopped by Kevin Lankinen with a rebound.
0:33 of 1st period - Slapshot by Cam Fowler.
0:33 of 1st period - Deflect By Ryan Johansen.
0:33 of 1st period - Shot Blocked by Michael Matheson.
0:33 of 1st period - Puck is out of play.
0:34 of 1st period - Mattias Janmark wins face-off versus Ross Colton in Panthers zone.
0:55 of 1st period - Minor Penalty to Mattias Janmark for Tripping.
0:56 of 1st period - Sidney Crosby wins face-off versus Ryan Johansen in Maple Leafs zone.
1:07 of 1st period - Snap shot by Sidney Crosby.
1:07 of 1st period - Stopped by Jordan Binnington without a rebound.
1:08 of 1st period - Vincent Trocheck wins face-off versus Ryan Johansen in Maple Leafs zone.
1:15 of 1st period - Slapshot by Vincent Trocheck.
1:15 of 1st period - Deflect By Anthony Cirelli.
1:15 of 1st period - Stopped by Jordan Binnington without a rebound.
1:16 of 1st period - Vincent Trocheck wins face-off versus Connor Bedard in Maple Leafs zone.
1:21 of 1st period - Snap shot by Taylor Hall.
1:21 of 1st period - Deflect By Vincent Trocheck.
1:21 of 1st period - Goal by Vincent Trocheck - Maple Leafs : 0 - Panthers : 1.
1:22 of 1st period - Vincent Trocheck wins face-off versus Ryan Johansen in neutral zone.
2:33 of 1st period - Michael Matheson is hit by Alex Iafallo.
2:49 of 1st period - Wrist shot by Ryan Johansen.
2:49 of 1st period - Stopped by Kevin Lankinen with a rebound.
2:55 of 1st period - Wrist shot by Ryan Johansen.
2:55 of 1st period - Shot Blocked by Michael Matheson.
3:07 of 1st period - Jonas Siegenthaler is hit by Alexander Romanov.
3:29 of 1st period - Slapshot by Alex Iafallo.
3:29 of 1st period - Stopped by Kevin Lankinen without a rebound.
3:30 of 1st period - Ross Colton wins face-off versus Mattias Janmark in Panthers zone.
3:35 of 1st period - Marcus Foligno is hit by Mattias Janmark.
3:41 of 1st period - Slapshot by Mike Hoffman.
3:41 of 1st period - Stopped by Jordan Binnington without a rebound.
3:42 of 1st period - Connor Bedard wins face-off versus Vincent Trocheck in Maple Leafs zone.
3:47 of 1st period - Wrist shot by Nikolaj Ehlers.
3:47 of 1st period - Stopped by Kevin Lankinen with a rebound.
3:53 of 1st period - Mikhail Sergachev is hit by Vincent Trocheck and loses puck.
4:44 of 1st period - Slapshot by Michael Matheson.
4:44 of 1st period - Shot Blocked by Mattias Janmark.
4:58 of 1st period - Jamie Oleksiak is hit by Alexander Romanov and loses puck.
5:32 of 1st period - Icing by Braden Schneider.
5:33 of 1st period - Sidney Crosby wins face-off versus Michael McCarron in Maple Leafs zone.
5:40 of 1st period - Backhand shot by Mats Zuccarello.
5:40 of 1st period - Stopped by Jordan Binnington with a rebound.
6:17 of 1st period - J.J. Moser is hit by Kaapo Kakko and loses puck.
7:27 of 1st period - Snap shot by Taylor Hall.
7:27 of 1st period - Stopped by Jordan Binnington with a rebound.
7:29 of 1st period - Slapshot by Jamie Oleksiak.
7:29 of 1st period - Stopped by Jordan Binnington with a rebound.
7:31 of 1st period - Slapshot by Jamie Oleksiak.
7:31 of 1st period - Stopped by Jordan Binnington with a rebound.
7:37 of 1st period - Snap shot by Vincent Trocheck.
7:37 of 1st period - Stopped by Jordan Binnington without a rebound.
7:38 of 1st period - Sidney Crosby wins face-off versus Andrei Svechnikov in Maple Leafs zone.
8:32 of 1st period - Icing by Rocco Grimaldi.
8:33 of 1st period - Kevin Labanc wins face-off versus Ryan Johansen in Panthers zone.
8:44 of 1st period - Snap shot by Rocco Grimaldi.
8:44 of 1st period - Stopped by Jordan Binnington without a rebound.
8:45 of 1st period - Connor Bedard wins face-off versus Mats Zuccarello in Maple Leafs zone.
8:54 of 1st period - Jonas Siegenthaler is hit by Alexander Romanov.
9:00 of 1st period - Backhand shot by Nikolaj Ehlers.
9:00 of 1st period - Stopped by Kevin Lankinen with a rebound.
9:12 of 1st period - Jonas Siegenthaler is hit by Mattias Janmark.
9:32 of 1st period - Ross Colton is hit by Alexander Romanov and loses puck.
9:57 of 1st period - Slapshot by Mattias Janmark.
9:57 of 1st period - Stopped by Kevin Lankinen without a rebound.
9:58 of 1st period - Sidney Crosby wins face-off versus Ryan Johansen in Panthers zone.
10:03 of 1st period - Snap shot by Jesper Bratt.
10:03 of 1st period - Stopped by Kevin Lankinen without a rebound.
10:04 of 1st period - Ryan Johansen wins face-off versus Sidney Crosby in Panthers zone.
10:19 of 1st period - Wrist shot by Mats Zuccarello.
10:19 of 1st period - Stopped by Jordan Binnington with a rebound.
10:21 of 1st period - Slapshot by Sidney Crosby.
10:21 of 1st period - Shot Blocked by Mikhail Sergachev.
10:47 of 1st period - Snap shot by Sidney Crosby.
10:47 of 1st period - Stopped by Jordan Binnington without a rebound.
10:48 of 1st period - Vincent Trocheck wins face-off versus Connor Bedard in Maple Leafs zone.
11:39 of 1st period - Marcus Foligno is hit by Alex Iafallo and loses puck.
12:00 of 1st period - Snap shot by Rocco Grimaldi.
12:00 of 1st period - Stopped by Jordan Binnington with a rebound.
12:02 of 1st period - Snap shot by Garnet Hathaway.
12:02 of 1st period - Shot Misses the Net.
12:22 of 1st period - Snap shot by Jesper Bratt.
12:22 of 1st period - Shot Misses the Net.
13:12 of 1st period - Snap shot by Rocco Grimaldi.
13:12 of 1st period - Stopped by Jordan Binnington without a rebound.
13:13 of 1st period - Ross Colton wins face-off versus Mattias Janmark in Maple Leafs zone.
13:22 of 1st period - Wrist shot by Mike Hoffman.
13:22 of 1st period - Deflect By Marcus Foligno.
13:22 of 1st period - Stopped by Jordan Binnington without a rebound.
13:23 of 1st period - Connor Bedard wins face-off versus Vincent Trocheck in Maple Leafs zone.
13:23 of 1st period - Connor Bedard is hit by Jonas Siegenthaler.
14:36 of 1st period - Andrew Peeke is hit by Hampus Lindholm and loses puck.
14:57 of 1st period - Snap shot by Ryan Johansen.
14:57 of 1st period - Stopped by Kevin Lankinen without a rebound.
14:58 of 1st period - Ryan Johansen wins face-off versus Garnet Hathaway in Panthers zone.
15:23 of 1st period - Andrei Svechnikov is hit by Mats Zuccarello and loses puck.
17:34 of 1st period - Nikolaj Ehlers is hit by Vincent Trocheck and loses puck.
18:29 of 1st period - Snap shot by Ross Colton.
18:29 of 1st period - Shot Misses the Net.
18:53 of 1st period - Taylor Hall is hit by Andrei Svechnikov and loses puck.
19:19 of 1st period - Icing by Tyson Barrie.
19:20 of 1st period - Garnet Hathaway wins face-off versus Michael McCarron in Panthers zone.
Goals for this period are 0 for Maple Leafs vs 1 for Panthers.
Shots for this period are 8 for Maple Leafs vs 15 for Panthers.

2nd period


0:01 of 2nd period - Connor Bedard wins face-off versus Vincent Trocheck in neutral zone.
1:01 of 2nd period - Wrist shot by Teuvo Teravainen.
1:01 of 2nd period - Deflect By Sidney Crosby.
1:01 of 2nd period - Shot Misses the Net.
1:01 of 2nd period - Puck is out of play.
1:02 of 2nd period - Vincent Trocheck wins face-off versus Connor Bedard in Maple Leafs zone.
1:11 of 2nd period - Wrist shot by Taylor Hall.
1:11 of 2nd period - Shot Misses the Net.
1:29 of 2nd period - Hampus Lindholm is hit by J.J. Moser and loses puck.
1:49 of 2nd period - Off-side.
1:50 of 2nd period - Sidney Crosby wins face-off versus Mattias Janmark in neutral zone.
1:59 of 2nd period - Wrist shot by Sidney Crosby.
1:59 of 2nd period - Shot Blocked by Alex Iafallo.
2:01 of 2nd period - Wrist shot by Mats Zuccarello.
2:01 of 2nd period - Stopped by Jordan Binnington with a rebound.
2:26 of 2nd period - Wrist shot by Andrei Svechnikov.
2:26 of 2nd period - Shot Blocked by Vincent Trocheck.
2:28 of 2nd period - Wrist shot by Connor Bedard.
2:28 of 2nd period - Deflect By Taylor Hall.
2:28 of 2nd period - Shot Misses the Net.
2:28 of 2nd period - Puck is out of play.
2:29 of 2nd period - Ross Colton wins face-off versus Ryan Johansen in Panthers zone.
2:58 of 2nd period - Off-side.
2:59 of 2nd period - Vincent Trocheck wins face-off versus Connor Bedard in neutral zone.
3:24 of 2nd period - Wrist shot by Nikolaj Ehlers.
3:24 of 2nd period - Stopped by Kevin Lankinen with a rebound.
3:26 of 2nd period - Wrist shot by Braden Schneider.
3:26 of 2nd period - Deflect By Connor Bedard.
3:26 of 2nd period - Shot Misses the Net.
3:26 of 2nd period - Puck is out of play.
3:27 of 2nd period - Mattias Janmark wins face-off versus Teuvo Teravainen in Panthers zone.
3:30 of 2nd period - Snap shot by Alex Iafallo.
3:30 of 2nd period - Deflect By Mattias Janmark.
3:30 of 2nd period - Shot Misses the Net.
3:30 of 2nd period - Puck is out of play.
3:31 of 2nd period - Sidney Crosby wins face-off versus Mattias Janmark in Panthers zone.
4:06 of 2nd period - Snap shot by Mike Hoffman.
4:06 of 2nd period - Stopped by Jordan Binnington with a rebound.
4:08 of 2nd period - Slapshot by Tyson Barrie.
4:08 of 2nd period - Deflect By Ross Colton.
4:08 of 2nd period - Shot Misses the Net.
4:08 of 2nd period - Puck is out of play.
4:09 of 2nd period - Connor Bedard wins face-off versus Taylor Hall in Maple Leafs zone.
4:48 of 2nd period - Alexander Romanov is hit by Andrew Peeke and loses puck.
5:34 of 2nd period - Wrist shot by Alex Iafallo.
5:34 of 2nd period - Stopped by Kevin Lankinen without a rebound.
5:35 of 2nd period - Sidney Crosby wins face-off versus Connor Bedard in Panthers zone.
5:50 of 2nd period - Wrist shot by Andrei Svechnikov.
5:50 of 2nd period - Stopped by Kevin Lankinen with a rebound.
6:00 of 2nd period - Jesper Bratt is hit by Jamie Oleksiak and loses puck.
6:09 of 2nd period - Wrist shot by Jesper Bratt.
6:09 of 2nd period - Stopped by Kevin Lankinen without a rebound.
6:10 of 2nd period - Marcus Foligno wins face-off versus Connor Bedard in Panthers zone.
6:45 of 2nd period - Snap shot by Mats Zuccarello.
6:45 of 2nd period - Stopped by Jordan Binnington without a rebound.
6:46 of 2nd period - Vincent Trocheck wins face-off versus Kaapo Kakko in Maple Leafs zone.
7:00 of 2nd period - Icing by Ryan Johansen.
7:01 of 2nd period - Ryan Johansen wins face-off versus Ross Colton in Maple Leafs zone.
7:30 of 2nd period - Wrist shot by Jesper Bratt.
7:30 of 2nd period - Stopped by Kevin Lankinen with a rebound.
7:32 of 2nd period - Slapshot by Cam Fowler.
7:32 of 2nd period - Stopped by Kevin Lankinen with a rebound.
7:34 of 2nd period - Wrist shot by Jesper Bratt.
7:34 of 2nd period - Shot Misses the Net.
7:36 of 2nd period - Slapshot by Alexander Romanov.
7:36 of 2nd period - Shot Misses the Net.
7:38 of 2nd period - Snap shot by Jesper Bratt.
7:38 of 2nd period - Stopped by Kevin Lankinen with a rebound.
7:40 of 2nd period - Slapshot by Ryan Johansen.
7:40 of 2nd period - Deflect By Jesper Bratt.
7:40 of 2nd period - Goal by Jesper Bratt - Maple Leafs : 1 - Panthers : 1.
7:41 of 2nd period - Vincent Trocheck wins face-off versus Mattias Janmark in neutral zone.
7:46 of 2nd period - Alex Iafallo is hit by Anthony Cirelli and loses puck.
8:17 of 2nd period - Snap shot by Mats Zuccarello.
8:17 of 2nd period - Shot Misses the Net.
10:07 of 2nd period - Mike Hoffman is hit by Braden Schneider and loses puck.
10:24 of 2nd period - Taylor Hall is hit by Mikhail Sergachev.
10:55 of 2nd period - Off-side.
10:56 of 2nd period - Vincent Trocheck wins face-off versus Connor Bedard in neutral zone.
11:03 of 2nd period - Snap shot by Anthony Cirelli.
11:03 of 2nd period - Stopped by Jordan Binnington without a rebound.
11:04 of 2nd period - Vincent Trocheck wins face-off versus Connor Bedard in Maple Leafs zone.
11:15 of 2nd period - Wrist shot by Vincent Trocheck.
11:15 of 2nd period - Stopped by Jordan Binnington with a rebound.
11:17 of 2nd period - Snap shot by Taylor Hall.
11:17 of 2nd period - Shot Misses the Net.
11:25 of 2nd period - Minor Penalty to Connor Bedard for Holding.
11:26 of 2nd period - Sidney Crosby wins face-off versus Ryan Johansen in Maple Leafs zone.
13:05 of 2nd period - Michael Matheson is hit by Ryan Johansen and loses puck.
13:25 of 2nd period - Penalty to Connor Bedard is over, Connor Bedard is back on ice.
13:34 of 2nd period - Wrist shot by Nikolaj Ehlers.
13:34 of 2nd period - Stopped by Kevin Lankinen with a rebound.
13:36 of 2nd period - Snap shot by Nikolaj Ehlers.
13:36 of 2nd period - Goal by Nikolaj Ehlers - Maple Leafs : 2 - Panthers : 1.
13:37 of 2nd period - Connor Bedard wins face-off versus Mike Hoffman in neutral zone.
13:48 of 2nd period - Wrist shot by Nikolaj Ehlers.
13:48 of 2nd period - Stopped by Kevin Lankinen with a rebound.
13:50 of 2nd period - Snap shot by Nikolaj Ehlers.
13:50 of 2nd period - Shot Misses the Net.
13:52 of 2nd period - Slapshot by Cam Fowler.
13:52 of 2nd period - Deflect By Connor Bedard.
13:52 of 2nd period - Stopped by Kevin Lankinen with a rebound.
13:58 of 2nd period - Minor Penalty to Marcus Foligno for Goalie Interference.
13:59 of 2nd period - Ryan Johansen wins face-off versus Vincent Trocheck in Panthers zone.
14:25 of 2nd period - Vincent Trocheck is hit by Hampus Lindholm.
14:29 of 2nd period - Backhand shot by Connor Bedard.
14:29 of 2nd period - Shot Misses the Net.
14:39 of 2nd period - Cam Fowler is hit by Jamie Oleksiak and loses puck.
15:58 of 2nd period - Penalty to Marcus Foligno is over, Marcus Foligno is back on ice.
16:04 of 2nd period - Backhand shot by Mattias Janmark.
16:04 of 2nd period - Stopped by Kevin Lankinen with a rebound.
16:06 of 2nd period - Snap shot by Mattias Janmark.
16:06 of 2nd period - Stopped by Kevin Lankinen with a rebound.
16:10 of 2nd period - Snap shot by Mattias Janmark.
16:10 of 2nd period - Stopped by Kevin Lankinen with a rebound.
16:12 of 2nd period - Snap shot by Linus Karlsson.
16:12 of 2nd period - Deflect By Michael McCarron.
16:12 of 2nd period - Shot Misses the Net.
16:12 of 2nd period - Puck is out of play.
16:13 of 2nd period - Ross Colton wins face-off versus Michael McCarron in Panthers zone.
16:29 of 2nd period - Linus Karlsson beats up Marcus Foligno.
16:29 of 2nd period - Penalty to Marcus Foligno for Fighting.
16:29 of 2nd period - Penalty to Linus Karlsson for Fighting.
16:30 of 2nd period - Sidney Crosby wins face-off versus Mattias Janmark in neutral zone.
16:33 of 2nd period - Mattias Janmark is hit by Mats Zuccarello and loses puck.
16:56 of 2nd period - Anthony Cirelli is hit by Hampus Lindholm and loses puck.
17:01 of 2nd period - Slapshot by Jesper Bratt.
17:01 of 2nd period - Stopped by Kevin Lankinen without a rebound.
17:02 of 2nd period - Ryan Johansen wins face-off versus Ross Colton in Panthers zone.
17:13 of 2nd period - Slapshot by Michael Matheson.
17:13 of 2nd period - Shot Misses the Net.
17:15 of 2nd period - Slapshot by Andrew Peeke.
17:15 of 2nd period - Shot Blocked by Alexander Romanov.
17:17 of 2nd period - Wrist shot by Michael Matheson.
17:17 of 2nd period - Shot Blocked by Cam Fowler.
17:29 of 2nd period - Andrew Peeke is hit by Mattias Janmark and loses puck.
17:36 of 2nd period - Travis Dermott is hit by Sidney Crosby and loses puck.
17:49 of 2nd period - Snap shot by Connor Bedard.
17:49 of 2nd period - Shot Blocked by J.J. Moser.
17:51 of 2nd period - Snap shot by Andrei Svechnikov.
17:51 of 2nd period - Shot Misses the Net.
Goals for this period are 2 for Maple Leafs vs 0 for Panthers.
Shots for this period are 16 for Maple Leafs vs 5 for Panthers.

3rd period


0:01 of 3rd period - Vincent Trocheck wins face-off versus Mattias Janmark in neutral zone.
0:04 of 3rd period - Hampus Lindholm is hit by Vincent Trocheck and loses puck.
0:10 of 3rd period - Off-side.
0:11 of 3rd period - Mattias Janmark wins face-off versus Sidney Crosby in neutral zone.
0:36 of 3rd period - J.J. Moser is hit by Hampus Lindholm and loses puck.
1:03 of 3rd period - Snap shot by Taylor Hall.
1:03 of 3rd period - Deflect By Anthony Cirelli.
1:03 of 3rd period - Shot Misses the Net.
1:03 of 3rd period - Puck is out of play.
1:04 of 3rd period - Vincent Trocheck wins face-off versus Mattias Janmark in Maple Leafs zone.
2:20 of 3rd period - Off-side.
2:21 of 3rd period - Connor Bedard wins face-off versus Mats Zuccarello in neutral zone.
2:36 of 3rd period - Snap shot by Nikolaj Ehlers.
2:36 of 3rd period - Shot Misses the Net.
2:56 of 3rd period - Slapshot by Cam Fowler.
2:56 of 3rd period - Stopped by Kevin Lankinen with a rebound.
2:58 of 3rd period - Snap shot by Alexander Romanov.
2:58 of 3rd period - Shot Blocked by Andrew Peeke.
3:39 of 3rd period - Slapshot by Jamie Oleksiak.
3:39 of 3rd period - Deflect By Connor Bedard.
3:39 of 3rd period - Stopped by Jordan Binnington with a rebound.
4:33 of 3rd period - Andrei Svechnikov is hit by Anthony Cirelli and loses puck.
5:16 of 3rd period - Andrew Peeke is hit by Andrei Svechnikov and loses puck.
6:16 of 3rd period - Michael Matheson is hit by Ryan Johansen and loses puck.
6:42 of 3rd period - Tyson Barrie is hit by Mikhail Sergachev and loses puck.
7:03 of 3rd period - Icing by Cam Fowler.
7:04 of 3rd period - Ryan Johansen wins face-off versus Ross Colton in Maple Leafs zone.
7:22 of 3rd period - Snap shot by Connor Bedard.
7:22 of 3rd period - Stopped by Kevin Lankinen with a rebound.
7:30 of 3rd period - Snap shot by Mike Hoffman.
7:30 of 3rd period - Shot Misses the Net.
7:36 of 3rd period - Wrist shot by Mike Hoffman.
7:36 of 3rd period - Shot Misses the Net.
7:38 of 3rd period - Snap shot by Ross Colton.
7:38 of 3rd period - Stopped by Jordan Binnington with a rebound.
7:40 of 3rd period - Slapshot by Jamie Oleksiak.
7:40 of 3rd period - Shot Misses the Net.
7:42 of 3rd period - Backhand shot by Tyson Barrie.
7:42 of 3rd period - Stopped by Jordan Binnington with a rebound.
7:44 of 3rd period - Slapshot by Jamie Oleksiak.
7:44 of 3rd period - Shot Misses the Net.
7:46 of 3rd period - Wrist shot by Marcus Foligno.
7:46 of 3rd period - Shot Misses the Net.
7:48 of 3rd period - Snap shot by Jamie Oleksiak.
7:48 of 3rd period - Stopped by Jordan Binnington without a rebound.
7:49 of 3rd period - Vincent Trocheck wins face-off versus Mattias Janmark in Maple Leafs zone.
8:22 of 3rd period - Slapshot by Cam Fowler.
8:22 of 3rd period - Shot Blocked by Mats Zuccarello.
8:24 of 3rd period - Slapshot by Kaapo Kakko.
8:24 of 3rd period - Stopped by Kevin Lankinen with a rebound.
8:26 of 3rd period - Wrist shot by Kaapo Kakko.
8:26 of 3rd period - Shot Blocked by Michael Matheson.
9:22 of 3rd period - Snap shot by Sidney Crosby.
9:22 of 3rd period - Deflect By Mats Zuccarello.
9:22 of 3rd period - Shot Blocked by Nikolaj Ehlers.
9:22 of 3rd period - Puck is out of play.
9:23 of 3rd period - Ryan Johansen wins face-off versus Ross Colton in Maple Leafs zone.
9:25 of 3rd period - Minor Penalty to Ryan Johansen for Hooking.
9:26 of 3rd period - Connor Bedard wins face-off versus Vincent Trocheck in Maple Leafs zone.
9:34 of 3rd period - Connor Bedard is hit by Jamie Oleksiak and loses puck.
9:41 of 3rd period - Wrist shot by Vincent Trocheck.
9:41 of 3rd period - Stopped by Jordan Binnington with a rebound.
11:25 of 3rd period - Penalty to Ryan Johansen is over, Ryan Johansen is back on ice.
11:48 of 3rd period - Ben Hutton is hit by Garnet Hathaway and loses puck.
12:21 of 3rd period - Mike Hoffman is hit by Cam Fowler and loses puck.
12:40 of 3rd period - Wrist shot by Alex Iafallo.
12:40 of 3rd period - Deflect By Jesper Bratt.
12:40 of 3rd period - Stopped by Kevin Lankinen with a rebound.
13:04 of 3rd period - Mats Zuccarello is hit by Braden Schneider.
13:14 of 3rd period - Nikolaj Ehlers is hit by Ross Colton.
13:20 of 3rd period - Andrew Peeke is hit by Connor Bedard and loses puck.
13:33 of 3rd period - Cam Fowler is hit by Garnet Hathaway and loses puck.
13:45 of 3rd period - Garnet Hathaway is hit by Braden Schneider and loses puck.
15:17 of 3rd period - Vincent Trocheck is hit by Andrei Svechnikov and loses puck.
15:45 of 3rd period - Wrist shot by Ross Colton.
15:45 of 3rd period - Shot Misses the Net.
16:53 of 3rd period - Snap shot by Ross Colton.
16:53 of 3rd period - Deflect By Mike Hoffman.
16:53 of 3rd period - Shot Blocked by Hampus Lindholm.
16:53 of 3rd period - Puck is out of play.
16:54 of 3rd period - Connor Bedard wins face-off versus Sidney Crosby in Maple Leafs zone.
16:59 of 3rd period - Teuvo Teravainen is hit by Jesper Bratt and loses puck.
17:06 of 3rd period - Slapshot by Jonas Siegenthaler.
17:06 of 3rd period - Stopped by Jordan Binnington with a rebound.
17:08 of 3rd period - Slapshot by Teuvo Teravainen.
17:08 of 3rd period - Shot Blocked by Alexander Romanov.
17:10 of 3rd period - Snap shot by Teuvo Teravainen.
17:10 of 3rd period - Shot Misses the Net.
17:55 of 3rd period - Snap shot by Taylor Hall.
17:55 of 3rd period - Deflect By Vincent Trocheck.
17:55 of 3rd period - Stopped by Jordan Binnington with a rebound.
18:31 of 3rd period - Slapshot by Teuvo Teravainen.
18:31 of 3rd period - Stopped by Jordan Binnington with a rebound.
19:01 of 3rd period - Wrist shot by Nikolaj Ehlers.
19:01 of 3rd period - Shot Misses the Net.
19:03 of 3rd period - Slapshot by Alexander Romanov.
19:03 of 3rd period - Deflect By J.J. Moser.
19:03 of 3rd period - Stopped by Kevin Lankinen with a rebound.
19:05 of 3rd period - Slapshot by Cam Fowler.
19:05 of 3rd period - Stopped by Kevin Lankinen without a rebound.
19:06 of 3rd period - Craig Berube call a timeout for Panthers.
19:06 of 3rd period - Connor Bedard wins face-off versus Sidney Crosby in Panthers zone.
19:09 of 3rd period - Snap shot by Nikolaj Ehlers.
19:09 of 3rd period - Stopped by Kevin Lankinen with a rebound.
19:11 of 3rd period - Wrist shot by Connor Bedard.
19:11 of 3rd period - Shot Misses the Net.
19:13 of 3rd period - Snap shot by Nikolaj Ehlers.
19:13 of 3rd period - Stopped by Kevin Lankinen with a rebound.
19:31 of 3rd period - Snap shot by Nikolaj Ehlers.
19:31 of 3rd period - Stopped by Kevin Lankinen without a rebound.
19:32 of 3rd period - Sidney Crosby wins face-off versus Connor Bedard in Panthers zone.
19:45 of 3rd period - Panthers, Kevin Lankinen is pulled from the net.
19:47 of 3rd period - Wrist shot by Vincent Trocheck.
19:47 of 3rd period - Deflect By Sidney Crosby.
19:47 of 3rd period - Stopped by Jordan Binnington without a rebound.
19:48 of 3rd period - Sidney Crosby wins face-off versus Alex Iafallo in Maple Leafs zone.
19:49 of 3rd period - Wrist shot by Vincent Trocheck.
19:49 of 3rd period - Shot Blocked by Nikolaj Ehlers.
Goals for this period are 0 for Maple Leafs vs 0 for Panthers.
Shots for this period are 9 for Maple Leafs vs 9 for Panthers.




Output by the SimonT Hockey Simulator (STHS) for Eric Tremblay - Original Page W3C HTML5 Valid
Hockey Simulator - Hockey Simulation - Hockey Manager